Map: Romanticide LE

Players

Pacomike

  • Race: Protoss Protoss
  • League: Grandmaster

Cham - Winner!

  • Race: Zerg Zerg
  • League: Master

Event: DreamHack SC2 Masters 2021 Summer

VOD

Have the link to the VOD?

Description

Time

  • Played on: May 19, 2021, 5:12 p.m.
  • Length: 9:35

All games in this series

Show
View Real Time Build Order
Export as new Build Order

Pacomike Protoss 

Build Orders: 1 Gate Expand, Oracle Opening 

Get SALT Encoding   

  12  0:00  Probe  
  13  0:12  Probe  
  14  0:17  Pylon  
  14  0:24  Probe (Chrono Boost)  
  15  0:36  Probe (Chrono Boost)  
  15  0:39  Gateway  
  16  0:45  Probe (Chrono Boost)  
  16  0:48  Assimilator  
  17  0:52  Probe  
  18  1:04  Probe  
  19  1:16  Probe  
  20  1:25  Nexus  
  20  1:31  Probe  
  21  1:38  Cybernetics Core  
  21  1:44  Probe  
  21  1:46  Assimilator  
  22  1:56  Probe  
  22  2:00  Pylon  
  23  2:05  Pylon  
  20  2:15  Adept (Chrono Boost)  
  23  2:18  Probe  
  26  2:24  Stargate  
  26  2:30  Probe  
  26  2:36  Adept (Chrono Boost)  
  27  2:39  Warp Gate  
  27  2:41  Probe (Chrono Boost)  
  27  2:42  Probe (Chrono Boost)  
  33  2:51  Probe (Chrono Boost)  
  33  2:53  Probe (Chrono Boost)  
  33  2:56  Probe (Chrono Boost)  
  33  2:58  Adept  
  33  3:01  Probe  
  37  3:07  Oracle (Chrono Boost)  
  37  3:08  Probe  
  41  3:13  Probe  
  41  3:18  Pylon  
  42  3:20  Probe  
  42  3:26  Gateway  
  43  3:27  Probe  
  43  3:33  Probe  
  45  3:37  Oracle  
  45  3:39  Probe  
  49  3:45  Probe  
  50  3:51  Assimilator x2  
  50  3:52  Probe  
  51  3:57  Probe  
  51  3:58  Pylon  
  50  4:09  Probe  
  49  4:10  Probe  
  49  4:13  Twilight Council  
  50  4:23  Nexus  
  50  4:26  Pylon  
  50  4:28  Probe  
  50  4:29  Adept x2  
  55  4:36  Probe  
  56  4:43  Probe  
  56  4:44  Pylon  
  61  4:46  Shield Battery  
  61  4:50  Charge  
  61  4:53  Probe  
  61  4:57  Forge  
  58  5:00  Stalker  
  58  5:01  Probe  
  58  5:05  Probe  
  62  5:13  Probe  
  63  5:15  Gateway  
  63  5:18  Gateway  
  63  5:19  Robotics Facility  
  63  5:21  Probe  
  64  5:22  Pylon  
  64  5:25  Probe  
  65  5:29  Adept x2  
  65  5:33  Probe  
  70  5:37  Probe  
  68  5:49  Probe x2 (Chrono Boost)  
  66  5:51  Probe (Chrono Boost)  
  66  5:52  Protoss Ground Weapons Level 1 (Chrono Boost)  
  66  5:54  Sentry x2  
  68  5:59  Shield Battery  
  68  6:00  Probe (Chrono Boost)  
  68  6:01  Robotics Facility  
  68  6:02  Probe x2 (Chrono Boost)  
  71  6:05  Probe (Chrono Boost)  
  71  6:07  Observer  
  71  6:10  Probe (Chrono Boost)  
  73  6:12  Probe (Chrono Boost)  
  73  6:16  Probe (Chrono Boost)  
  73  6:17  Assimilator  
  73  6:18  Assimilator  
  75  6:20  Pylon, Sentry x2  
  75  6:21  Sentry x2  
  75  6:22  Probe (Chrono Boost)  
  75  6:24  Probe (Chrono Boost)  
  75  6:25  Probe (Chrono Boost), Robotics Bay  
  84  6:31  Probe  
  87  6:33  Pylon  
  87  6:35  Immortal (Chrono Boost)  
  87  6:36  Probe  
  92  6:41  Probe  
  93  6:51  Gateway x2  
  93  6:56  Warp Prism (Chrono Boost)  
  93  7:07  Blink  
  89  7:11  Adept  
  89  7:12  Extended Thermal Lance  
  91  7:18  Gateway  
  91  7:19  Gateway  
  91  7:21  Gateway  
  91  7:23  Pylon  
  91  7:26  Colossus (Chrono Boost)  
  103  7:35  Pylon  
  103  7:37  Pylon  
  103  7:40  Pylon  
  103  7:46  Zealot x6  
  108  8:07  Stalker x6  
  99  8:14  Zealot x2  
  88  8:33  Zealot x5  
  100  8:43  Stalker x4  
  98  8:55  Stalker x5  
  102  9:02  Probe  
  99  9:09  Zealot x4  
  93  9:28  Nexus  
Show
View Real Time Build Order
Export as new Build Order

Cham Zerg - Winner!

Build Orders: Hatch First, Swarm Host 

Get SALT Encoding   

  12  0:00  Drone  
  13  0:09  Drone  
  14  0:16  Overlord  
  14  0:35  Drone x2  
  16  0:48  Hatchery  
  15  0:52  Drone  
  16  0:57  Drone  
  16  1:00  Drone  
  18  1:12  Extractor  
  18  1:15  Spawning Pool  
  18  1:18  Drone  
  17  1:21  Drone  
  18  1:29  Drone  
  20  1:40  Drone  
  20  1:51  Overlord  
  20  2:01  Queen  
  20  2:02  Queen  
  20  2:03  Zergling x4  
  26  2:12  Drone x2  
  26  2:13  Metabolic Boost  
  28  2:23  Drone x2  
  30  2:34  Hatchery  
  29  2:41  Queen  
  31  2:46  Overlord  
  31  2:48  Drone  
  32  2:52  Drone  
  32  2:54  Overlord  
  32  2:58  Drone  
  34  3:00  Drone  
  35  3:05  Drone  
  35  3:06  Drone  
  37  3:13  Drone x4  
  37  3:15  Drone  
  43  3:20  Zergling x2  
  43  3:21  Zergling x2  
  43  3:24  Overlord  
  44  3:33  Drone x2  
  46  3:42  Drone  
  46  3:43  Overlord  
  46  3:44  Queen x2  
  51  3:49  Spore Crawler  
  51  3:50  Overlord  
  51  3:51  Zergling x2  
  49  4:01  Drone x4  
  50  4:05  Drone  
  50  4:08  Drone  
  51  4:14  Spore Crawler  
  50  4:20  Drone x2  
  52  4:24  Drone x3  
  52  4:28  Drone x2  
  57  4:33  Drone x3  
  57  4:36  Drone  
  61  4:39  Drone x2  
  61  4:40  Drone  
  61  4:44  Drone x2  
  66  4:48  Overlord  
  66  4:51  Drone  
  66  4:52  Drone  
  68  4:53  Baneling Nest  
  68  4:54  Drone  
  68  4:55  Drone  
  68  4:56  Drone  
  68  4:58  Roach Warren  
  70  5:02  Extractor, Drone  
  70  5:04  Overlord, Spore Crawler  
  69  5:07  Overlord  
  69  5:11  Lair  
  69  5:15  Extractor x2  
  69  5:16  Drone x2  
  69  5:17  Drone  
  69  5:18  Drone  
  69  5:20  Evolution Chamber  
  70  5:22  Overlord  
  70  5:23  Drone x2  
  70  5:27  Drone x3  
  75  5:31  Zergling x4  
  76  5:36  Zergling x2, Drone  
  76  5:41  Drone  
  76  5:42  Drone x2  
  79  5:45  Overlord  
  79  5:46  Drone  
  79  5:47  Drone x2  
  80  5:51  Extractor, Roach x2  
  80  5:52  Roach x2  
  80  5:55  Zerg Missile Weapons Level 1  
  80  5:56  Extractor  
  86  6:01  Overlord, Drone x2  
  86  6:03  Roach x2  
  92  6:09  Drone  
  93  6:13  Infestation Pit  
  93  6:14  Drone x3  
  95  6:19  Overlord  
  95  6:23  Overlord  
  95  6:25  Overlord  
  95  6:27  Glial Reconstitution, Roach x3  
  101  6:35  Overlord  
  101  6:43  Overlord  
  101  6:53  Hatchery  
  100  6:54  Swarm Host x7  
  100  7:00  Drone  
  100  7:01  Drone  
  121  7:02  Drone  
  121  7:05  Swarm Host x2  
  121  7:07  Overlord  
  128  7:10  Swarm Host  
  128  7:12  Overlord  
  131  7:16  Roach x6  
  131  7:19  Overlord  
  131  7:21  Zergling x4  
  145  7:26  Ravager x2  
  145  7:27  Overlord  
  147  7:30  Roach  
  147  7:33  Overlord  
  147  7:34  Ravager  
  147  7:35  Roach x2  
  154  7:39  Roach x3  
  160  7:48  Roach x6  
  172  7:53  Overlord  
  172  8:03  Roach x6  
  184  8:05  Ravager  
  184  8:09  Zergling x8  
  186  8:14  Zergling x10  
  186  8:19  Zergling x4  
  184  8:31  Ravager x4  
  184  8:33  Drone x5  
  187  8:37  Roach  
  181  8:46  Roach  
  168  8:50  Roach  
  168  8:52  Roach  
  168  8:53  Roach  
  168  8:54  Roach  
  174  8:56  Extractor  
  174  8:57  Extractor, Drone  
  174  9:01  Drone x4  
  177  9:07  Drone  
  177  9:08  Hydralisk Den  
  172  9:13  Drone x2  
Tags
 
Add a new tag
Caveats
  • Supply blocks, unpowered buildings, or Contaminate may cause inaccurate times.
  • Supply counts are checked every 10 seconds.